 Dungeon Crawl Stone Soup version 0.31.0-11-ge490571c62 (webtiles) character file.

Game seed: 12692827733027405244

340 qw the Shooter (level 6, -11/28 (30) HPs)
             Began as a Spriggan Hunter on Feb 4, 2024.
             Mangled by Duvessa
             ... wielding a +0 rapier
              (14 damage)
             ... on level 4 of the Dungeon.
             The game lasted 00:00:11 (2346 turns).

qw the Shooter (Spriggan Hunter)                    Turns: 2346, Time: 00:00:11

HP:   -11/28 (30)   AC:  2    Str:  7    XL:     6   Next: 30%
MP:   7/7           EV: 25    Int: 11    God:
Gold: 235           SH:  0    Dex: 20    Spells: 5/5 levels left

rFire   + . .        a - +1 shortbow
rCold   . . .        (shield currently unavailable)
rNeg    . . .        c - +0 robe
rPois   .            (helmet restricted)
rElec   .            p - scarf {repulsion}
rCorr   .            (gloves unavailable)
SInv    +            (boots unavailable)
Will    +....        (no amulet)
Stlth   ++           d - ring of protection from fire
HPRegen 0.24/turn    l - +5 ring of evasion
MPRegen 0.10/turn

%: repel missiles
@: about to teleport, drained, very quick
A: very small, no large weapons, unfitting armour, see invisible, speed 3
a: no special abilities


You were on level 4 of the Dungeon.
You visited 1 branch of the dungeon, and saw 4 of its levels.

You collected 235 gold pieces.


Innate Abilities, Weirdness & Mutations

You are very small and have problems with some larger weapons.
You are too small for most types of armour.
You have supernaturally acute eyesight. (SInv)
You cover ground extremely quickly. (Speed+++)


   Skills:
 - Level 2.2 Fighting
 - Level 6.6 Ranged Weapons
 + Level 5.0 Dodging
 - Level 1.5 Stealth


You had 5 spell levels left.
You didn't know any spells.
Your spell library was empty.

Inventory:

Hand Weapons
 a - a +1 shortbow (weapon)
Armour
 c - a +0 robe (worn)
 h - a +0 cloak
 p - a scarf of repulsion (worn)
Jewellery
 b - a ring of positive energy
 d - a ring of protection from fire (left hand)
 l - a +5 ring of evasion (right hand)
Scrolls
 e - a scroll of enchant armour
 f - a scroll of teleportation
Potions
 g - 4 potions of curing
 j - a potion of mutation
 k - a potion of attraction {unknown}
 n - a potion of berserk rage {unknown}

Dungeon Overview and Level Annotations

Branches:
Dungeon (4/15)
 Temple: D:4-7

Altars:

Annotations:
D:4 Dowan, Duvessa


Message History

Duvessa hits you with a +0 rapier. Dowan closely misses you.
You shoot an arrow.
The arrow hits Duvessa but does no damage.
Duvessa is heavily wounded.
You shoot an arrow.
The arrow hits Duvessa but does no damage.
Duvessa is heavily wounded.
Duvessa gestures with her weapon.
Duvessa misses you. Dowan completely misses you.
You shoot an arrow. The arrow hits Duvessa.
Duvessa is severely wounded.
Duvessa misses you. Dowan completely misses you.
You shoot an arrow. The arrow hits Duvessa.
Duvessa is severely wounded.
You feel yourself slow down.
You shoot an arrow.
The arrow hits Duvessa but does no damage.
Duvessa is severely wounded.
Dowan hits you but does no damage.
You feel drained. Duvessa barely misses you.
Dowan hits you with a +0 dagger of draining.
You feel drained. Duvessa hits you with a +0 rapier!
You shoot an arrow. The arrow barely misses Duvessa.
Duvessa hits you with a +0 rapier!
Dowan points at Duvessa and mumbles some strange words.
Duvessa seems to speed up.
2344 ||| READING 2 scrolls of teleportation.
As you read the scroll of teleportation, it crumbles to dust.
You feel strangely unstable. Duvessa completely misses you.
Dowan says, "Magic and the sword, together, will defeat you."
Dowan completely misses you.
Enter note:
Enter note:
2345 ||| RETREEEEATING.
Duvessa attacks as she pursues you! Duvessa hits you but does no damage.
You shoot an arrow. The arrow hits Duvessa.
Duvessa is severely wounded.
Duvessa hits you with a +0 rapier!
Ouch! That really hurt!
You die...

....# #.#. ##.# #
#.#.# #.#. !..#.#
#.#.# #.#.###..#.#
..#.# #.#).......#
..#.######.##.....##
...#...............+
..#.#########..e.###
.##.# ##.#e# ###.#
###@# #.# #.# #.#
#.# #.# ..# #.# ###
#.# #.# ###.# ....#


You could see Duvessa (fast) and Dowan.

Vanquished Creatures
  Menkaure (D:4)
  A scorpion (D:4)
  A bombardier beetle (D:3)
  6 adders
  A ribbon worm (D:3)
  3 dart slugs
  3 orcs
  8 ball pythons
  10 endoplasms
  3 giant cockroaches
  7 hobgoblins
  2 quokkas (D:3)
  5 bats
  3 frilled lizards
  4 goblins
  4 kobolds
  6 rats
68 creatures vanquished.

Notes
Turn   | Place    | Note
-------+----------+-------------------------------------------
     0 | D:1      | qw the Spriggan Hunter began the quest for the Orb.
     0 | D:1      | Reached XP level 1. HP: 10/10 MP: 2/2
     0 | D:1      | 0 ||| qw: Version: 0.3-a-160-g6735b56
     0 | D:1      | 0 ||| qw: Game counter: 4618
     0 | D:1      | 0 ||| qw: Melee chars always use a shield: true
     0 | D:1      | 0 ||| qw: God list: Okawaru
     0 | D:1      | 0 ||| qw: Allow faded altars: false
     0 | D:1      | 0 ||| qw: Do Orc after clearing Dungeon:15 true
     0 | D:1      | 0 ||| qw: Do second Lair branch before Depths: true
     0 | D:1      | 0 ||| qw: Lair rune preference: random
     0 | D:1      | 0 ||| qw: Goals: Normal
     0 | D:1      | 0 ||| PLANNING D:1-11
    46 | D:1      | Reached skill level 3 in Dodging
   106 | D:1      | Reached XP level 2. HP: 14/14 MP: 3/3
   606 | D:1      | 606 ||| READING scroll labelled PULOMY UTOOQYFF.
   607 | D:1      | 607 ||| READING scroll labelled ILEZEM YGHU.
   610 | D:1      | 610 ||| READING scroll labelled FOATZY RUCSIEH.
   611 | D:1      | 611 ||| READING scroll labelled KILONN NAPA.
   712 | D:1      | 712 ||| READING scroll labelled KOZUWIGU PUKESHRURPH.
   713 | D:1      | 713 ||| READING scroll labelled HIF REURUXAMIB.
   714 | D:1      | 714 ||| DRINKING 2 white potions.
   715 | D:1      | 715 ||| DROPPING scroll of butterflies.
   725 | D:2      | 725 ||| STAIRDANCE
   731 | D:2      | 731 ||| STAIRDANCE
   739 | D:1      | HP: 3/14 [poisoned by an adder]
   742 | D:1      | Reached XP level 3. HP: 4/18 MP: 4/4
   906 | D:2      | 906 ||| FLEEEEING.
   907 | D:2      | 907 ||| FLEEEEING.
   908 | D:2      | 908 ||| FLEEEEING.
  1013 | D:2      | HP: 4/18 [poisoned by an adder]
  1014 | D:2      | 1014 ||| READING scroll of teleportation.
  1100 | D:2      | Reached skill level 5 in Ranged Weapons
  1285 | D:2      | 1285 ||| UPGRADING to ring of protection from fire.
  1286 | D:2      | 1286 ||| READING scroll labelled ZIABOA PIGEMA.
  1287 | D:2      | 1287 ||| READING scroll labelled KOHIRA JALUCVE.
  1288 | D:2      | 1288 ||| READING 2 scrolls labelled FITEUZI ROLOS.
  1288 | D:2      | 1288 ||| IDENTIFYING clear potion
  1289 | D:2      | 1289 ||| READING scroll of identify.
  1289 | D:2      | 1289 ||| IDENTIFYING brown potion
  1290 | D:2      | 1290 ||| READING scroll labelled BIOHYVVI NERAZ.
  1290 | D:2      | 1290 ||| ENCHANTING +0 shortbow.
  1291 | D:2      | 1291 ||| DROPPING potion of degeneration.
  1293 | D:2      | 1293 ||| Stepping ~*~*~tactically~*~*~ (cloud).
  1294 | D:2      | 1294 ||| DRINKING 3 potions of curing.
  1294 | D:2      | 1294 ||| (to cure poison)
  1331 | D:2      | Reached XP level 4. HP: 22/22 MP: 5/5
  1338 | D:3      | 1338 ||| STAIRDANCE
  1343 | D:3      | 1343 ||| STAIRDANCE
  1640 | D:3      | Reached XP level 5. HP: 22/26 MP: 6/6
  1885 | D:3      | Found a faded altar of an unknown god.
  1936 | D:3      | 1936 ||| UPGRADING to scarf of repulsion.
  1941 | D:3      | 1941 ||| UPGRADING to +5 ring of evasion.
  1942 | D:3      | 1942 ||| READING 2 scrolls of identify.
  1942 | D:3      | 1942 ||| IDENTIFYING green potion
  1943 | D:3      | 1943 ||| READING scroll of identify.
  1943 | D:3      | 1943 ||| IDENTIFYING viscous orange potion
  1944 | D:3      | 1944 ||| READING scroll labelled KOELUI IHOULERO.
  1945 | D:3      | 1945 ||| READING scroll labelled QUXZIU XACRENE.
  1945 | D:3      | 1945 ||| ENCHANTING +1 shortbow.
  1946 | D:3      | 1946 ||| READING scroll labelled JOISTR LEHU.
  1946 | D:3      | Identified a scroll of acquirement
  1946 | D:3      | 1946 ||| ACQUIRING ring of positive energy
  1946 | D:3      | Acquired a ring of positive energy
  1948 | D:3      | 1948 ||| READING 3 scrolls labelled KOITSA OBOTOH.
  2049 | D:3      | 2049 ||| DROPPING potion of invisibility.
  2050 | D:3      | 2050 ||| DROPPING 2 scrolls of silence.
  2145 | D:4      | 2145 ||| FLEEEEING.
  2146 | D:4      | 2146 ||| FLEEEEING.
  2147 | D:4      | 2147 ||| FLEEEEING.
  2148 | D:4      | 2148 ||| FLEEEEING.
  2149 | D:4      | 2149 ||| STAIRDANCE
  2267 | D:4      | Noticed Menkaure
  2268 | D:4      | 2268 ||| DRINKING potion of haste.
  2276 | D:4      | Killed Menkaure
  2277 | D:4      | Reached skill level 6 in Ranged Weapons
  2277 | D:4      | Reached XP level 6. HP: 30/30 MP: 7/7
  2325 | D:4      | Noticed Dowan
  2327 | D:4      | Noticed Duvessa
  2343 | D:4      | HP: 2/28 [Duvessa/+0 rapier (10)]
  2344 | D:4      | 2344 ||| READING 2 scrolls of teleportation.
  2345 | D:4      | 2345 ||| RETREEEEATING.
  2346 | D:4      | Mangled by Duvessa

Levels and vault maps discovered:
D:1:      tarquinn_simple_flora_water_e, layout_loops_ring
D:2:      layout_rooms
D:3:      layout_rooms, shapermc_ecumenical_altar_acropolis,
          minmay_randomly_rotated_circles
D:4:      layout_loops_corners, mainiacjoe_overflow_swirl, uniq_menkaure,
          uniq_duvessa

Skill      XL: |  1  2  3  4  5 |
---------------+----------------+-----
Dodging        | 3 4 5 |  5.0
Ranged Weapons | 5 6 |  6.6
Fighting       | 2 |  2.2
Stealth        | |  1.5

Action                     |  1- 3 |  4- 6 || total
---------------------------+-------+-------++-------
   Fire: Shortbow          |   138 |   100 ||   238
    Use: Scroll            |    12 |     7 ||    19
         Potion            |     2 |     1 ||     3
 Armour: Robe              |    22 |    17 ||    39
  Dodge: Dodged            |    67 |    34 ||   101

Table legend:
 A = Non-vault XP
 B = Vault XP
 C = Vault XP percentage of total XP
 D = Non-vault monster count
 E = Vault monster count
 F = Vault count percentage of total count
                 A         B        C        D         E       F
            +---------+---------+-------+---------+---------+-------
      Total |     305 |     182 |  37.4 |      61 |       7 |  10.3
            +---------+---------+-------+---------+---------+-------
        D:1 |      50 |       0 |   0.0 |      24 |       0 |   0.0
        D:2 |      74 |       0 |   0.0 |      16 |       0 |   0.0
        D:3 |      84 |      13 |  13.4 |      14 |       6 |  30.0
        D:4 |      97 |     169 |  63.5 |       7 |       1 |  12.5
            +---------+---------+-------+---------+---------+-------
